 Dungeon Crawl Stone Soup version 0.31-a0-188-g5e087ee2ca (webtiles) character file.

Game seed: 9396156810887932795

100 qw the Shooter (level 4, -4/25 HPs)
             Began as a Deep Elf Hunter on June 23, 2023.
             Slain by Ijyb
             ... wielding a +0 club
              (5 damage)
             ... on level 3 of the Dungeon.
             The game lasted 00:00:34 (1229 turns).

qw the Shooter (Deep Elf Hunter)                    Turns: 1229, Time: 00:00:35

Health: -4/25      AC:  8    Str: 10    XL:     4   Next: 46%
Magic:  6/6        EV: 11    Int: 14    God:
Gold:   138        SH:  0    Dex: 18    Spells: 3/3 levels left

rFire   . . .        Y - +0 shortbow
rCold   . . .        (shield currently unavailable)
rNeg    . . .        f - +0 ring mail
rPois   .            (no helmet)
rElec   .            a - +2 cloak
rCorr   .            (no gloves)
SInv    .            (no boots)
Will    .....        (no amulet)
Stlth   +            (no ring)
HPRegen 0.24/turn    (no ring)
MPRegen 0.10/turn

%: no passive effects
@: no status effects
A: no striking features
a: no special abilities


You were on level 3 of the Dungeon.
You visited 1 branch of the dungeon, and saw 3 of its levels.

You collected 138 gold pieces.


   Skills:
 - Level 1.5 Fighting
 + Level 7.9 Ranged Weapons
 - Level 2.4 Dodging
 - Level 1.2 Stealth


You had 3 spell levels left.
You didn't know any spells.
Your spell library was empty.

Inventory:

Hand Weapons
 Y - a +0 shortbow (weapon)
Armour
 a - a +2 cloak (worn)
 f - a +0 ring mail (worn)
 m - a +0 pair of gloves
Scrolls
 e - 3 scrolls of identify
 i - 3 scrolls of fog {unknown}
 j - a scroll of immolation {unknown}
 k - a scroll of teleportation {unknown}
Potions
 b - 2 potions of resistance
 c - 2 potions of curing
 d - a potion of attraction {unknown}
 g - a potion of enlightenment {unknown}
 h - a potion of brilliance {unknown}
 l - a potion of lignification {unknown}

Dungeon Overview and Level Annotations

Branches:
Dungeon (3/15)

Altars:
Kikubaaqudgha
Qazlal
Ru

Shops:
D:2 [

Annotations:
D:3 Ijyb


Message History

The goblin no longer looks unusually strong.
Ijyb closely misses you. The goblin hits you with a +0 dagger.
The goblin hits you with a +0 club.
You shoot an arrow. The arrow barely misses the goblin.
The arrow barely misses the hobgoblin.
The goblin barely misses you. Ijyb barely misses you.
The goblin barely misses you. Ijyb barely misses you.
The goblin barely misses you. The goblin closely misses you.
You shoot an arrow. The arrow hits the goblin.
You kill the goblin!
Ijyb hits you but does no damage. The goblin closely misses you.
You shoot an arrow. The arrow hits Ijyb.
Ijyb is moderately wounded.
The goblin hits you but does no damage. Ijyb hits you with a +0 club.
The hobgoblin hits you but does no damage.
You shoot an arrow. The arrow closely misses Ijyb.
Ijyb closely misses you. The hobgoblin closely misses you.
The goblin hits you but does no damage.
You shoot an arrow. The arrow hits Ijyb.
Ijyb is moderately wounded.
The goblin barely misses you. Ijyb hits you but does no damage.
The hobgoblin hits you.
You shoot an arrow. The arrow hits Ijyb!
Ijyb is severely wounded.
The goblin hits you but does no damage. Ijyb hits you with a +0 club.
The hobgoblin hits you but does no damage.
You shoot an arrow. The arrow hits Ijyb but does no damage.
Ijyb is severely wounded.
Ijyb hits you with a +0 club.
The hobgoblin hits you but does no damage.
The goblin hits you with a +0 club.
You shoot an arrow. The arrow closely misses Ijyb.
The hobgoblin barely misses you. The goblin hits you with a +0 club.
Ijyb closely misses you. The goblin barely misses you.
The hobgoblin barely misses you. Ijyb hits you with a +0 club.
You shoot an arrow. The arrow hits Ijyb but does no damage.
Ijyb is severely wounded.
The hobgoblin no longer looks unusually strong.
Ijyb hits you with a +0 club.
You die...

#.# #.....# #+##
#>##... #..###
#.#....
##..>.####......
#..##...........
. #
#.#######.......
...#. ###.#
#.......
.....g#g%.#
#....... #g@###
####.... #.g#g#
#.... ##


gg. ##..# ...#. ##.# ###.##. ... #. .#. .# . . # You could see Ijyb, 3
hobgoblins and 3 goblins.

Vanquished Creatures
  Robin (D:3)
  4 adders (D:2)
  3 dart slugs
  4 ball pythons
  2 endoplasms (D:3)
  4 giant cockroaches
  4 goblins
  6 hobgoblins
  4 kobolds
  A quokka (D:2)
  5 bats
  4 frilled lizards
  4 rats
46 creatures vanquished.

Notes
Turn   | Place    | Note
-------+----------+-------------------------------------------
     0 | D:1      | qw the Deep Elf Hunter began the quest for the Orb.
     0 | D:1      | Reached XP level 1. HP: 12/12 MP: 3/3
     0 | D:1      | 0 ||| qw: Version: 0.3-a-9-g12657ce
     0 | D:1      | 0 ||| qw: Game counter: 3438
     0 | D:1      | 0 ||| qw: Always use a shield: true
     0 | D:1      | 0 ||| qw: God list: Okawaru
     0 | D:1      | 0 ||| qw: Allow faded altars: false
     0 | D:1      | 0 ||| qw: Do Orc after D:15 true
     0 | D:1      | 0 ||| qw: Do second Lair branch before Depths: true
     0 | D:1      | 0 ||| qw: Lair rune preference: random
     0 | D:1      | 0 ||| qw: Plans: Normal
     0 | D:1      | 0 ||| PLANNING D:1-11
   135 | D:1      | Reached XP level 2. HP: 16/16 MP: 4/4
   136 | D:1      | Reached skill level 6 in Ranged Weapons
   330 | D:1      | Reached XP level 3. HP: 20/20 MP: 5/5
   432 | D:1      | 432 ||| UPGRADING to +0 ring mail.
   442 | D:1      | 442 ||| DROPPING +0 leather armour.
   443 | D:1      | 443 ||| READING scroll labelled ENKIPI REOQ.
   444 | D:1      | 444 ||| READING scroll labelled KATHIR KIHAUPU.
   445 | D:1      | 445 ||| DROPPING scroll of butterflies.
   459 | D:2      | Found Qekkok's Antique Armour Boutique.
   468 | D:2      | 468 ||| SHOPLISTING embroidered robe (103 gold, have 67).
   502 | D:2      | Reached skill level 7 in Ranged Weapons
   535 | D:2      | HP: 5/20 [adder (1)]
   661 | D:2      | Reached XP level 4. HP: 25/25 MP: 6/6
   871 | D:2      | 871 ||| UPGRADING to +2 cloak.
   876 | D:2      | 876 ||| READING scroll labelled FETEUBL LEBEKH.
   977 | D:2      | 977 ||| DRINKING 3 sedimented pink potions.
   978 | D:2      | 978 ||| DRINKING 3 murky clear potions.
  1069 | D:3      | Found a stormy altar of Qazlal.
  1144 | D:3      | Found a sacrificial altar of Ru.
  1174 | D:3      | Found an ancient bone altar of Kikubaaqudgha.
  1207 | D:3      | Noticed Robin
  1215 | D:3      | Killed Robin
  1216 | D:3      | Noticed Ijyb
  1227 | D:3      | HP: 5/25 [Ijyb/+0 club (2)]
  1228 | D:3      | HP: 1/25 [Ijyb/+0 club (3)]
  1229 | D:3      | Slain by Ijyb

Levels and vault maps discovered:
D:1:      wander_arrival_abandoned_jail, layout_rooms
D:2:      layout_rooms, serial_shops, shop
D:3:      layout_rooms, grunt_qazlal_clouds, tgw_trog, nicolae_ru_awakened_eye,
          nicolae_overflow_hidden_temple, shapermc_ecumenical_altar_flowoftime,
          uniq_robin, uniq_ijyb

Skill      XL: |  1  2  3 |
---------------+----------+-----
Ranged Weapons | 6 7 |  7.9
Fighting       | |  1.5
Dodging        | |  2.4
Stealth        | |  1.2

Action                     |  1- 3 |  4- 6 || total
---------------------------+-------+-------++-------
   Fire: Shortbow          |    99 |    39 ||   138
    Use: Scroll            |     2 |     1 ||     3
         Potion            |       |     2 ||     2
 Armour: Leather armour    |     2 |       ||     2
         Ring mail         |     9 |    18 ||    27
  Dodge: Dodged            |    25 |    26 ||    51

Table legend:
 A = Non-vault XP
 B = Vault XP
 C = Vault XP percentage of total XP
 D = Non-vault monster count
 E = Vault monster count
 F = Vault count percentage of total count
                 A         B        C        D         E       F
            +---------+---------+-------+---------+---------+-------
      Total |     121 |      22 |  15.4 |      41 |       5 |  10.9
            +---------+---------+-------+---------+---------+-------
        D:1 |      44 |       0 |   0.0 |      23 |       0 |   0.0
        D:2 |      68 |       0 |   0.0 |      13 |       0 |   0.0
        D:3 |       9 |      22 |  71.0 |       5 |       5 |  50.0
            +---------+---------+-------+---------+---------+-------
